 Dungeon Crawl Stone Soup version 0.23.0 (webtiles) character file.

Game seed: 4130709310474385958

52 Borgoz the Skirmisher (level 3, -4/33 HPs)
             Began as a Ghoul Monk on Feb 18, 2019.
             Killed by divine providence
             ... invoked by an orc priest
              (7 damage)
             ... on level 2 of the Dungeon.
             The game lasted 00:02:39 (970 turns).

Borgoz the Skirmisher (Ghoul Monk)                   Turns: 970, Time: 00:02:40

Health: -4/33      AC:  3    Str: 12 (14) XL:     3   Next: 85%
Magic:  2/2        EV: 12    Int:  2 (5)  God:
Gold:   55         SH:  0    Dex:  9 (12) Spells: 2/2 levels left

rFire    + . .     SeeInvis .   a - +0 short sword
rCold    + + .     Gourm    .   (no shield)
rNeg     + + +     Faith    .   g - +0 leather armour
rPois    ∞         Spirit   .   (no helmet)
rElec    .         Reflect  .   h - scarf {rC+ rF+}
rCorr    .         Harm     .   (no gloves)
MR       .....                  (no boots)
Stlth    ++........             (no amulet)
HPRegen  0.00/turn              (no ring)
MPRegen  0.08/turn              (no ring)

@: flying, rotting
A: rotting body, claws 1, carnivore, cold resistance 1, negative energy
resistance 3, inhibited regeneration, torment resistance, unbreathing
a: no special abilities


You were on level 2 of the Dungeon.
You were not hungry.

You visited 1 branch of the dungeon, and saw 2 of its levels.

You collected 55 gold pieces.

Inventory:

Hand Weapons
 a - a +0 short sword (weapon)
Armour
 g - a +0 leather armour (worn)
 h - a scarf of resistance (worn)
Scrolls
 b - 3 scrolls of fear {unknown}
 d - a scroll of magic mapping {unknown}
 e - a scroll of teleportation {unknown}
 j - a scroll of amnesia {unknown}
 m - a scroll of enchant armour {unknown}
Comestibles
 c - 3 rations
 l - 7 chunks of flesh


   Skills:
 + Level 3.6 Fighting
 * Level 3.2 Short Blades
 * Level 3.3 Dodging
 + Level 2.7 Stealth


You had 2 spell levels left.
You didn't know any spells.
Your spell library was empty.

Dungeon Overview and Level Annotations

Branches:
Dungeon (2/15)

Altars:


Innate Abilities, Weirdness & Mutations

Your body is rotting away.
You thrive on raw meat.
You are immune to poison.
You have sharp fingernails.
You are carnivorous and can eat meat at any time.
Your flesh is cold resistant. (rC+)
You are immune to negative energy. (rN+++)
You do not regenerate when monsters are visible.
You are immune to unholy pain and torment.
You can survive without breathing.


Message History

You hit the orc priest but do no damage.
The orc priest misses you.
The orc priest hits you but does no damage.
You hit the orc priest but do no damage.
The orc priest miscasts a cantrip.
You barely miss the orc priest. The orc priest closely misses you.
You hit the orc priest.
The orc priest is lightly wounded.
The orc priest hits you with a +0 hand axe.
* * * LOW HITPOINT WARNING * * *
You hit the orc priest but do no damage.
The orc priest is lightly wounded.
The orc priest hits you with a +0 hand axe.
* * * LOW HITPOINT WARNING * * *
The orc priest looks braver for a moment.
You hit the orc priest.
The orc priest is lightly wounded.
The orc priest calls down the wrath of Beogh upon you.
Beogh smites you!
You die...

###########
#..@ol....######
#######
##.######......#
#.....# #.#
#..###.#
#.###.######.#
#..o.#
####.###.##.....#
#####.#.#
......#.....#####
#.....#.#
####..#######
###o#####.#
>##.†.......
#...#.... #
.##...######
#o###...#.


You could see an orc priest and a frilled lizard.

Vanquished Creatures
  An adder (D:2)
  5 dart slugs (D:1)
  A leopard gecko (D:1)
  An orc (D:2)
  A ball python (D:2)
  4 giant cockroaches
  3 goblins
  3 hobgoblins
  4 bats (D:1)
  A frilled lizard (D:1)
  3 kobolds (D:1)
  3 rats
30 creatures vanquished.

Notes
Turn   | Place    | Note
-------+----------+-------------------------------------------
     0 | D:1      | Borgoz the Ghoul Monk began the quest for the Orb.
     0 | D:1      | Reached XP level 1. HP: 19/19 MP: 0/0
   155 | D:1      | Reached XP level 2. HP: 25/26 MP: 1/1
   399 | D:1      | Reached XP level 3. HP: 28/31 MP: 2/2
   970 | D:2      | Killed from afar by an orc priest

Skill      XL: |  1  2 |
---------------+-------+-----
Dodging        | 3 |  3.3
Short Blades   | 3 |  3.2
Fighting       | |  3.6
Stealth        | |  2.7

Action                   || total
-------------------------++-------
Melee: Short sword       ||    98
  Use: Potion            ||     3
 Stab: Sleeping          ||     1
  Eat: Chunk             ||     7
Armor: Robe              ||     2
       Leather armour    ||    29
Dodge: Dodged            ||    71
